 Dungeon Crawl Stone Soup version 0.32-a0-460-gc8eefc90e7 (webtiles) character file.

Game seed: 9344173915664518276

67 Napalmbreeze the Cudgeller (level 4, -3/25 HPs)
             Began as a Human Cinder Acolyte on Feb 24, 2024.
             Was a High Priest of Ignis.
             Slain by a small abomination (12 damage)
             ... on level 1 of the Abyss.
             The game lasted 00:09:30 (1964 turns).

Napalmbreeze the Cudgeller (Human Cinder Acolyte)   Turns: 1964, Time: 00:09:31

Health: -3/25      AC:  8    Str: 10      XL:     4   Next: 18%
Magic:  3/4        EV:  9    Int: 18 (19) God:    Ignis [*****.]
Gold:   99         SH:  3    Dex:  8      Spells: 5/5 levels left

rFire   x x .        a - -1 mace (flame)
rCold   . . .        n - +0 buckler
rNeg    . . .        h - +3 ring mail "Binylyih" {Int+6}
rPois   .            (no helmet)
rElec   .            (no cloak)
rCorr   .            (no gloves)
SInv    .            (no boots)
Will    .....        (no amulet) Stlth
                     (no ring)
HPRegen 0.00/turn    (no ring)
MPRegen 0.09/turn

%: no passive effects
@: sick
A: explore regen, [deterioration 2], [dopey 2], [frail 3], [low MP 2], [weak 2],
[no potion heal 2], [heat vulnerability 3], [subdued magic 2], [inability to
drink after injury 2]
a: Renounce Religion, Fiery Armour, Foxfire Swarm, Rising Flame


You were on level 1 of the Abyss.
You worshipped Ignis.
Ignis was extremely pleased with you.
You visited 1 branch of the dungeon, and saw 3 of its levels.
You visited the Abyss 1 time.

You collected 99 gold pieces.

Inventory:

Hand Weapons
 a - a -1 mace of flaming (weapon)
Armour
 b - a +1 robe
 d - an orb of light
 f - a +0 ring mail
 h - the +3 ring mail "Binylyih" (worn) {Int+6}
   (You found it on level 2 of the Dungeon)

   Int+6:     It affects your intelligence (+6).
 i - a scarf of shadows
 n - a +0 buckler (worn)
Scrolls
 c - a scroll of silence
Potions
 e - a potion of mutation {unknown}
 k - a potion of curing {unknown}


   Skills:
 * Level 3.6 Fighting
 + Level 4.0 Maces & Flails
 + Level 0.4 Armour
 + Level 0.3 Dodging
 + Level 0.2 Shields
 - Level 1.0 Spellcasting
 - Level 3.2 Fire Magic


You had 5 spell levels left.
You didn't know any spells.
Your spell library contained the following spells:

 Spells                   Type           Power      Damage    Failure   Level
 Scorch                   Fire           14%        2d5       24%         2


Dungeon Overview and Level Annotations

Branches:
Dungeon (3/15)

Altars:
Beogh


Innate Abilities, Weirdness & Mutations

You regain HP and MP as you explore.
[Your body often deteriorates upon taking damage.]
[You are very dopey. (Int -4)]
[You are extremely frail. (-30% HP)]
[Your magical capacity is very low. (-20% MP)]
[You are very weak. (Str -4)]
[Potions cannot restore your health.]
[You are extremely vulnerable to heat. (rF---)]
[Your spells are easier to cast, but less powerful.]
[You sometimes lose the ability to drink potions when taking damage.]


Message History

Blink to where?
Press: ? - help, Dir - move target
As you read the scroll labelled UNTUNE HYUZEGH, it crumbles to dust.
It was a scroll of blinking.
A ynoxinul comes into view.
The chaos spawn splatters into many small globs of multi-coloured light, then recombines.
What are your orders? t - Shout!
Orders for allies: a - Attack new target. r - Retreat! s - Stop attacking. g - Guard the area. f - Follow me.
Anything else - Cancel.
Retreat in which direction?
Press: ? - help, Dir - move target, f - you
Okay, then.
As you read the scroll labelled QYUNWA YDOT DAFIKK, it crumbles to dust.
The air around you briefly surges with heat, but it dissipates.
It was a scroll of immolation.
As you read the scroll labelled YMUVASKYDE, it crumbles to dust.
You hear a loud clanging noise!
It was a scroll of noise.
You hear a bellow!
You hear a shout! x2; You hear a roar!
As you read the scroll labelled GOMUESU QENKO, it crumbles to dust.
You assume a fearsome visage.
The chaos spawn looks frightened!
It was a scroll of fear.
A neqoxec comes into view.
The neqoxec shouts!
A lurking horror comes into view.
The neqoxec gestures at you. Something gnaws on your mind!
You feel your power leaking away.
Found a corrupted altar of Lugonu.
Found a gateway leading deeper into the Abyss.
A small abomination comes into view.
The neqoxec gestures at you. Something gnaws on your mind!
You feel your power leaking away. The small abomination hits you! x2
You die...
Ignis goes out, and joins you in death.

#. ##. ... ## ..
##.# ... .. #..##
....# . .... #...>
.#..# ##.
#...##.#.# . .
#.#.@x.## . .#. ..
##.###.#.# ... .#
. # ..##........
....# .##
#...##...... ....
####
###.3.....#... #.
..#
..#.#.#.##.....#..
#...
#.#..#X#_.#.####
#.. .#..#####.#..#
..#x# ..#.#.#
#....


You could see a small abomination.

Vanquished Creatures
  2 gnolls (D:2)
  4 dart slugs
  2 ball pythons (D:1)
  3 bats (D:1)
  2 endoplasms
  3 giant cockroaches (D:1)
  3 goblins
  8 hobgoblins
  4 kobolds
  A frilled lizard (D:2)
  7 rats
39 creatures vanquished.

Vanquished Creatures (others)
  12 starspawn tentacles (Abyss:1)
12 creatures vanquished.

Grand Total: 51 creatures vanquished

Notes
Turn   | Place    | Note
-------+----------+-------------------------------------------
     0 | D:1      | Napalmbreeze the Human Cinder Acolyte began the quest for
                  | the Orb.
     0 | D:1      | Reached XP level 1. HP: 18/18 MP: 2/2
     1 | D:1      | Noticed an electric eel
   207 | D:1      | Reached XP level 2. HP: 17/24 MP: 3/3
   526 | D:1      | Found a roughly hewn altar of Beogh.
   552 | D:1      | Reached XP level 3. HP: 13/29 MP: 4/4
   673 | D:1      | Found a faded altar of an unknown god.
  1134 | D:2      | Identified the +3 ring mail "Binylyih" {Int+6}
  1413 | D:2      | Reached skill level 4 in Maces & Flails
  1662 | D:2      | Reached XP level 4. HP: 21/35 MP: 5/5
  1801 | Abyss:1  | Cast into level 1 of the Abyss (gnoll)
  1825 | Abyss:1  | Noticed a tentacled starspawn
  1840 | Abyss:1  | Noticed a wretched star
  1876 | Abyss:1  | Noticed an ancient zyme
  1880 | Abyss:1  | Noticed a starcursed mass
  1885 | Abyss:1  | Noticed a ynoxinul
  1911 | Abyss:1  | Noticed a chaos spawn
  1915 | Abyss:1  | Noticed an ancient zyme
  1943 | Abyss:1  | Noticed a ynoxinul
  1952 | Abyss:1  | Noticed a neqoxec
  1958 | Abyss:1  | Found a corrupted altar of Lugonu.
  1961 | Abyss:1  | Noticed a small abomination
  1964 | Abyss:1  | Slain by a small abomination

Illustrated notes

Levels and vault maps discovered:
D:1:      arrival_aquarium_a, layout_loops_ring,
          hellmonk_ecumenical_altar_defaced_shrine,
          nicolae_kite_square_tiling_tiny
D:2:      layout_loops_ring
D:3:      kennysheep_goblin_castle, layout_basic, serial_shops, shop,
          nicolae_shop_window_shopping, shop, shop, nicolae_diamond_shop,
          minmay_diced_spiral, uniq_natasha
Abyss:1:  base: Temple, hangedman_abyss_sting

Skill      XL: |  1  2  3 |
---------------+----------+-----
Maces & Flails | 4 |  4.0
Fighting       | |  3.6
Armour         | |  0.4
Dodging        | |  0.3
Shields        | |  0.2
Spellcasting   | |  1.0
Fire Magic     | |  3.2

Action                     |  1- 3 |  4- 6 || total
---------------------------+-------+-------++-------
  Melee: Mace              |   118 |    12 ||   130
    Use: Scroll            |     3 |     4 ||     7
 Armour: Robe              |    57 |       ||    57
         Ring mail         |    22 |    56 ||    78
  Dodge: Dodged            |    61 |    25 ||    86
  Block: Buckler           |     2 |     8 ||    10

Table legend: (Time is in decaauts)
 A = Elapsed time spent in this place.
 B = Non-inter-level travel time spent in this place.
 C = Inter-level travel time spent in this place.
 D = Time resting spent in this place.
 E = Time spent auto-exploring this place.
 F = Levels seen in this place.
 G = Mean time per level.
                   A        B        C        D        E       F      G
               +--------+--------+--------+--------+--------+-----+--------+
         Total |   1994 |   1923 |     71 |    274 |   1051 |   4 |  498.5 |
       Dungeon |   1831 |   1760 |     71 |    274 |   1051 |   3 |  610.3 |
         Abyss |    162 |    162 |      0 |      0 |      0 |   1 |  162.0 |
               +--------+--------+--------+--------+--------+-----+--------+

Top non-repeatable levels by time:
     D:1: 995 daAuts
     D:2: 798 daAuts
 Abyss:1: 162 daAuts
     D:3: 37 daAuts
